 Dungeon Crawl Stone Soup version 0.25-a0-578-gc91f01c39c (console) character file.

Game seed: 952390203747887363, levelgen mode: deterministic

105 Kagalorn the Poker (level 4, -4/34 HPs)
             Began as a Gnoll Wanderer on Mar 3, 2020.
             Was an Initiate of Ashenzari.
             Killed by nerve-wracking pain
             ... invoked by a shadow imp
              (7 damage)
             ... on level 3 of the Dungeon.
             The game lasted 00:08:14 (2616 turns).

Kagalorn the Poker (Gnoll Wanderer)                 Turns: 2616, Time: 00:08:15

Health: -4/34      AC:  6    Str: 16    XL:     4   Next: 81%
Magic:  8/8        EV: 12    Int: 14    God:    Ashenzari [......]
Gold:   121        SH:  0    Dex: 14    Spells: 9/9 levels left

rFire    . . .     SeeInvis .   a - +0 quarterstaff
rCold    . . .     Gourm    .   (shield currently unavailable)
rNeg     . . .     Faith    .   u - +0 ring mail
rPois    .         Spirit   .   k - +0 helmet
rElec    .         Reflect  .   t - scarf {repulsion}
rCorr    .         Harm     .   (no gloves)
MR       +....                  (no boots)
Stlth    ++........             (no amulet)
HPRegen  0.11/turn              q - ring of protection from magic (curse)
MPRegen  0.11/turn              (no ring)

@: repel missiles
A: distributed training, fangs 1, strong nose
a: Curse Item, Renounce Religion


You were on level 3 of the Dungeon.
You worshipped Ashenzari.
Ashenzari was noncommittal.
You were not hungry.

You visited 1 branch of the dungeon, and saw 3 of its levels.

You collected 121 gold pieces.

Inventory:

Hand Weapons
 a - a +0 quarterstaff (weapon)
 b - a +0 hunting sling
Missiles
 g - 57 stones (quivered)
 m - 27 bolts
Armour
 k - a +0 helmet (worn)
 t - a scarf of repulsion (worn)
 u - a +0 ring mail (worn)
Jewellery
 q - a cursed ring of protection from magic (left hand)
Wands
 l - a wand of enslavement (15)
Scrolls
 c - 4 scrolls of teleportation
 d - a scroll of fear {unknown}
 e - a scroll of random uselessness {unknown}
 j - 2 scrolls of amnesia {unknown}
 o - 5 scrolls of identify {unknown}
 s - a scroll of noise {unknown}
 x - a scroll of blinking {unknown}
 y - a scroll of fog {unknown}
Potions
 h - 2 potions of mutation {unknown}
 i - a potion of flight {unknown}
 n - a potion of heal wounds {unknown}
 p - a potion of resistance {unknown}
 r - a potion of might {unknown}
 w - a potion of lignification {unknown}
Comestibles
 f - 5 rations


   Skills:
 + Level 2.8 Fighting
 + Level 1.2 Short Blades
 + Level 1.2 Long Blades
 + Level 1.2 Axes
 + Level 1.2 Maces & Flails
 + Level 4.7 Polearms
 + Level 1.2 Staves
 + Level 1.2 Slings
 + Level 1.2 Bows
 + Level 1.2 Crossbows
 + Level 1.2 Throwing
 + Level 1.2 Armour
 + Level 2.8 Dodging
 + Level 4.3 Stealth
 + Level 1.2 Shields
 + Level 1.2 Unarmed Combat
 + Level 3.0 Spellcasting
 + Level 2.3 Conjurations
 + Level 1.0 Hexes
 + Level 1.0 Charms
 + Level 1.0 Summonings
 + Level 1.0 Necromancy
 + Level 1.0 Translocations
 + Level 1.0 Transmutations
 + Level 1.0 Fire Magic
 + Level 1.0 Ice Magic
 + Level 1.0 Air Magic
 + Level 1.0 Earth Magic
 + Level 2.3 Poison Magic
 + Level 1.3 Invocations
 + Level 2.8 Evocations


You had 9 spell levels left.
You didn't know any spells.
Your spell library contained the following spells:

 Spells                   Type           Power        Failure   Level  Hunger
 Sandblast                Erth           #.....       26%         1    #......
 Passwall                 Tmut/Erth      #.......     38%         2    ##.....
 Stone Arrow              Conj/Erth      #.....       52%         3    ###....
 Petrify                  Tmut/Erth      #.......     95%         4    #####..
 Lee's Rapid Deconstruct  Erth           #.........   100%        5    ######.


Dungeon Overview and Level Annotations

Branches:
Dungeon (3/15)

Altars:
Ashenzari
Gozag
Vehumet
Zin


Innate Abilities, Weirdness & Mutations

Your experience applies equally to all skills.
You have very sharp teeth.
Your uncanny sense of smell can sniff out nearby items.


Message History

A hobgoblin comes into view. It is wielding a +0 club.
Your ring mail prevents you from hitting the shadow imp.
The shadow imp is almost dead.
The shadow imp closely misses you. The rat closely misses you.
You barely miss the shadow imp.
The shadow imp is almost dead.
The shadow imp hits you but does no damage.
The rat bites you but does no damage. The shadow imp hits you.
You closely miss the shadow imp.
The shadow imp is almost dead.
The rat bites you but does no damage. The shadow imp gestures at you.
Pain shoots through your body!
* * * LOW HITPOINT WARNING * * *
The rat barely misses you.
You barely miss the shadow imp.
The shadow imp is almost dead.
The shadow imp gestures at you. Pain shoots through your body!
You die...

.#.##..#..#...####.....# #.....
.......................# #.....
..........########.##..########.#
.....#.##..........#.............
##.#........###################.#
#.#.#.##..... ..#
#.#.#......############ ###
#.#............#.......
#.#####....#.##@...# #.#
#....#..r.5..# #.# #.#.##.......#
#.# #.#.##.....##.. #.#
#.#.##.....# #.. #.# #.#.##.....#
# #.# #.#.##.....# #.#
###.#.##...... #.# #.>.#.#


You could see a shadow imp and a rat.

Vanquished Creatures
  6 adders (D:2)
  2 oozes (D:2)
  A dart slug (D:2)
  2 leopard geckos
  3 giant cockroaches
  A goblin (D:1)
  3 hobgoblins
  8 kobolds
  A quokka (D:2)
  A ball python (D:2)
  5 bats
  5 frilled lizards
  8 rats
46 creatures vanquished.

Notes
Turn   | Place    | Note
-------+----------+-------------------------------------------
     0 | D:1      | Kagalorn the Gnoll Wanderer began the quest for the Orb.
     0 | D:1      | Kagalorn set off with the following items: a +0
                  | quarterstaff, a wand of enslavement (15), a scroll of
                  | teleportation, a +0 robe, a +0 dagger, a ration
     0 | D:1      | Reached XP level 1. HP: 17/17 MP: 4/4
   226 | D:1      | Reached XP level 2. HP: 23/23 MP: 5/5
  1044 | D:2      | Reached XP level 3. HP: 28/28 MP: 7/7
  1236 | D:2      | Reached skill level 1 in Invocations
  1547 | D:2      | Reached skill level 1 in Short Blades
  1547 | D:2      | Reached skill level 1 in Long Blades
  1547 | D:2      | Reached skill level 1 in Axes
  1547 | D:2      | Reached skill level 1 in Maces & Flails
  1547 | D:2      | Reached skill level 1 in Staves
  1547 | D:2      | Reached skill level 1 in Slings
  1547 | D:2      | Reached skill level 1 in Bows
  1547 | D:2      | Reached skill level 1 in Crossbows
  1547 | D:2      | Reached skill level 1 in Throwing
  1547 | D:2      | Reached skill level 1 in Armour
  1547 | D:2      | Reached skill level 1 in Shields
  1547 | D:2      | Reached skill level 1 in Unarmed Combat
  1732 | D:2      | Reached XP level 4. HP: 34/34 MP: 8/8
  2114 | D:2      | Reached skill level 1 in Hexes
  2114 | D:2      | Reached skill level 1 in Charms
  2114 | D:2      | Reached skill level 1 in Summonings
  2114 | D:2      | Reached skill level 1 in Necromancy
  2114 | D:2      | Reached skill level 1 in Translocations
  2114 | D:2      | Reached skill level 1 in Transmutations
  2114 | D:2      | Reached skill level 1 in Fire Magic
  2114 | D:2      | Reached skill level 1 in Ice Magic
  2114 | D:2      | Reached skill level 1 in Air Magic
  2114 | D:2      | Reached skill level 1 in Earth Magic
  2277 | D:3      | Found a glowing silver altar of Zin.
  2288 | D:3      | Found a radiant altar of Vehumet.
  2319 | D:3      | Found a shattered altar of Ashenzari.
  2326 | D:3      | Found an opulent altar of Gozag.
  2336 | D:3      | Became a worshipper of Ashenzari the Shackled
  2616 | D:3      | Killed from afar by a shadow imp

Levels and vault maps discovered:
D:1:      kennysheep_arrival_seaside, layout_basic
D:2:      layout_basic
D:3:      layout_basic, nicolae_overflow_quartered_altars,
          roderic_roman_lattice, moated_statue, uniq_ijyb

Skill      XL: |  1  2  3  4 |
---------------+-------------+-----
Conjurations   | 2 |  2.3
Poison Magic   | 2 |  2.3
Invocations    | 1 |  1.3
Short Blades   | 1 |  1.2
Long Blades    | 1 |  1.2
Axes           | 1 |  1.2
Maces & Flails | 1 |  1.2
Staves         | 1 |  1.2
Slings         | 1 |  1.2
Bows           | 1 |  1.2
Crossbows      | 1 |  1.2
Throwing       | 1 |  1.2
Armour         | 1 |  1.2
Shields        | 1 |  1.2
Unarmed Combat | 1 |  1.2
Spellcasting   | 3 |  3.0
Hexes          | 1 |  1.0
Charms         | 1 |  1.0
Summonings     | 1 |  1.0
Necromancy     | 1 |  1.0
Translocations | 1 |  1.0
Transmutations | 1 |  1.0
Fire Magic     | 1 |  1.0
Ice Magic      | 1 |  1.0
Air Magic      | 1 |  1.0
Earth Magic    | 1 |  1.0
Fighting       | |  2.8
Polearms       | |  4.7
Dodging        | |  2.8
Stealth        | |  4.3
Evocations     | |  2.8

Action                   |  1- 3 |  4- 6 || total
-------------------------+-------+-------++-------
Melee: Quarterstaff      |    75 |    69 ||   144
       Bite              |     4 |     4 ||     8
Throw: Stone             |    11 |    12 ||    23
Invok: Curse Item        |       |     1 ||     1
 Stab: Distracted        |     1 |       ||     1
       Sleeping          |    10 |       ||    10
  Eat: Chunk             |     3 |     2 ||     5
Armor: Robe              |    15 |       ||    15
       Ring mail         |     2 |    32 ||    34
Dodge: Dodged            |    48 |    47 ||    95
       Deflected         |     1 |       ||     1

Table legend:
 A = Non-vault XP
 B = Vault XP
 C = Vault XP percentage of total XP
 D = Non-vault monster count
 E = Vault monster count
 F = Vault count percentage of total count
                 A         B        C        D         E       F
            +---------+---------+-------+---------+---------+-------
      Total |     150 |       0 |   0.0 |      46 |       0 |   0.0
            +---------+---------+-------+---------+---------+-------
        D:1 |      19 |       0 |   0.0 |      14 |       0 |   0.0
        D:2 |     122 |       0 |   0.0 |      27 |       0 |   0.0
        D:3 |       9 |       0 |   0.0 |       5 |       0 |   0.0
            +---------+---------+-------+---------+---------+-------
